 Dungeon Crawl Stone Soup version 0.29.1-15-g9cfb28693d (webtiles) character file.

Game seed: 11349021589463914299

1489 qeqeqeadadad the Reanimator (level 8, -5/53 HPs)
             Began as a Vampire Necromancer on May 1, 2023.
             Was an Initiate of Sif Muna.
             Engulfed by a fire crab's flame (9 damage)
             ... created by the adversity of Qazlal
             ... on level 6 of the Dungeon.
             The game lasted 01:04:50 (6995 turns).

qeqeqeadadad the Reanimator (Vampire Necromancer)   Turns: 6995, Time: 01:04:50

Health: -5/53      AC: 12    Str:  7    XL:     8   Next: 51%
Magic:  0/17       EV: 13    Int: 19    God:    Sif Muna [......]
Gold:   363        SH:  0    Dex: 15    Spells: 7/20 levels left

rFire   + . .      SeeInvis +   y - staff of fire
rCold   + . .      Faith    .   (no shield)
rNeg    . . .      Spirit   +   b - +0 robe
rPois   .          Reflect  .   I - +0 helmet
rElec   .          Harm     .   m - +2 cloak
rCorr   .          Rampage  .   t - +0 pair of gloves
Will    .....                   k - +0 pair of boots
Stlth   +++.......              r - amulet of guardian spirit
HPRegen 0.37/turn               V - +4 ring of protection
MPRegen 0.15/turn               T - ring of protection from cold

@: healing quickly, invisible
A: alive, fangs 3, see invisible, vampiric 2
a: Exsanguinate, Renounce Religion


You were on level 6 of the Dungeon.
You worshipped Sif Muna.
Sif Muna was noncommittal.
You visited 1 branch of the dungeon, and saw 6 of its levels.

You collected 363 gold pieces.

Inventory:

Hand Weapons
 c - a +0 dagger
 o - a +1 triple sword of holy wrath
 x - a +0 shortbow
 C - a +0 short sword
 D - a +0 short sword
 E - a +0 hand axe
 F - a +1 sling of flaming
 Q - a +0 demon blade of venom
 X - a +0 war axe
 Y - a +2 hand axe of electrocution
Missiles
 l - 19 poisoned darts
Armour
 a - a +0 robe
 b - a +0 robe (worn)
 d - a +0 ring mail
 g - a +0 chain mail
 h - a +0 ring mail
 j - a +0 leather armour
 k - a +0 pair of boots (worn)
 m - a +2 cloak (worn)
 n - a +0 ring mail
 q - a +0 robe
 t - a +0 pair of gloves (worn)
 I - a +0 helmet (worn)
 L - a +0 robe
 R - a +1 pair of gloves
Magical Staves
 y - a staff of fire (weapon)
 z - a staff of death
 P - a staff of air
Jewellery
 r - an amulet of guardian spirit (around neck)
 u - an amulet of the acrobat
 J - an amulet of reflection
 T - a ring of protection from cold (right hand)
 V - a +4 ring of protection (left hand)
Wands
 U - a wand of iceblast (2)
 W - a wand of charming (6)
Scrolls
 e - a scroll of vulnerability {unknown}
 p - a scroll of fog {unknown}
 s - a scroll of enchant armour {unknown}
 v - a scroll of magic mapping {unknown}
 w - a scroll of enchant weapon {unknown}
 B - 2 scrolls of poison {unknown}
 G - 2 scrolls of noise {unknown}
 H - 2 scrolls of blinking {unknown}
 K - 2 scrolls of teleportation {unknown}
 O - a scroll of immolation {unknown}
Potions
 A - a potion of lignification
 N - a potion of mutation {unknown}


   Skills:
 + Level 0.8 Fighting
 + Level 0.4(1.1) Short Blades
 + Level 1.3(1.4) Long Blades
 + Level 0.3 Staves
 + Level 3.7 Dodging
 + Level 3.7 Stealth
 + Level 0.2 Shields
 + Level 6.6 Spellcasting
 + Level 8.7 Necromancy
 + Level 0.3 Evocations


You had 7 spell levels left.
You knew the following spells:

 Your Spells              Type           Power      Damage    Failure   Level
a - Necrotise             Necr           100%       1d9       1%          1
b - Vampiric Draining     Necr           39%        2d8       1%          3
c - Agony                 Necr           39%        N/A       8%          5
d - Animate Dead          Necr           39%        N/A       2%          4

Your spell library contained the following spells:

 Spells                   Type           Power      Damage    Failure   Level
 Freeze                   Ice            24%        1d5       11%         1
 Sandblast                Erth           12%        2d6       11%         1
 Passwall                 Tmut/Erth      5%         N/A       16%         2
 Frozen Ramparts          Ice            12%        1d2       32%         3
 Ozocubu's Armour         Ice            6%         N/A       32%         3
 Stone Arrow              Conj/Erth      12%        3d7       32%         3
 Hailstorm                Conj/Ice       6%         3d4       71%         4
 Ozocubu's Refrigeration  Ice            3%         4d8       100%        7


Dungeon Overview and Level Annotations

Branches:
Dungeon (6/15)
 Temple: D:4-7

Altars:
Okawaru
Qazlal
Ru
Sif Muna
Xom


Innate Abilities, Weirdness & Mutations

Your natural rate of healing is accelerated.
You have razor-sharp teeth.
You have supernaturally acute eyesight. (SInv)
You are afflicted with vampirism and can become a bat while bloodless.


Message History

The fire crab claws you but does no damage.
Aiming: Charm
Press: ? - help, Q - select action, (/) - cycle Shift-Dir - straight line, f/p - fire crab
Aim: a fire crab (flame, moderately wounded, durably summoned, chance to affect: 32%)
The fire crab easily resists.
The fire crab barely misses you.
The fire crab claws you but does no damage.
The fire crab breathes flames at you. The blast of flame engulfs you.
You resist.
* * * LOW HITPOINT WARNING * * *
Unknown command.
An ice beast comes into view.
You are engulfed in blazing flames.
You resist.
* * * LOW HITPOINT WARNING * * *
The fire crab breathes flames at you.
The blast of flame engulfs you but does no damage.
You feel much better.
You are engulfed in blazing flames.
You resist.
* * * LOW HITPOINT WARNING * * *
The fire crab bites you but does no damage.
The fire crab claws you but does no damage.
The fire crab bites you but does no damage.
The fire crab misses you.
Unknown command.
Really quaff the potion of lignification?
Okay, then.
You fade into invisibility!
The fire crab barely misses you. The fire crab closely misses you.
The fire crab breathes flames at you. The blast of flame engulfs you.
You resist.
* * * LOW HITPOINT WARNING * * *
You are engulfed in blazing flames.
You resist.
* * * LOW HITPOINT WARNING * * *
The fire crab bites you but does no damage.
The fire crab barely misses you.
You are engulfed in blazing flames.
You resist.
* * * LOW HITPOINT WARNING * * *
The fire crab breathes flames at you. The blast of flame engulfs you.
You resist.
You are engulfed in blazing flames.
You resist.
You die...

#.......#.#.###.###.###
#....................
#)##....#.###.###..##
#.........# #.# ..
#.##....#.# #.# #
##.#........
#.#..####># #.#..# #.#
#..#.##†#○@####.#
......†.○○○○○...#
#....#####○t○..###.
.....>...○.tY......
.......####........
.....○. ###......
#...○## ##..## #....
### ####


You could see 2 fire crabs and an ice beast (unable to see you).

Vanquished Creatures
  A steam dragon (D:6)
  4 ice beasts
  A sky beast (D:6)
  A centaur (D:5)
  A phantom (D:6)
  A necrophage (D:4)
  A scorpion (D:4)
  A killer bee (D:5)
  A howler monkey (D:5)
  An orc priest (D:5)
  4 hounds
  A jelly (D:6)
  An orc wizard (D:5)
  2 iguanas
  Robin (D:4)
  9 adders
  3 gnolls (D:2)
  A white imp (D:6)
  An ufetubus (D:5)
  A worm (D:4)
  2 dart slugs
  20 orcs
  5 bats
  5 endoplasms
  4 giant cockroaches
  17 goblins
  9 hobgoblins
  4 jackals
  6 kobolds
  3 quokkas
  2 ball pythons
  4 frilled lizards
  5 rats
123 creatures vanquished.

Vanquished Creatures (collateral kills)
  An iguana (D:6)
  2 dart slugs
  An orc (D:3)
  A goblin (D:4)
  A hobgoblin (D:3)
  A jackal (D:4)
  A bat (D:1)
  A kobold (D:2)
  A rat (D:2)
10 creatures vanquished.

Grand Total: 133 creatures vanquished

Notes
Turn   | Place    | Note
-------+----------+-------------------------------------------
     0 | D:1      | qeqeqeadadad the Vampire Necromancer began the quest for
                  | the Orb.
     0 | D:1      | Reached XP level 1. HP: 13/13 MP: 3/3
   266 | D:1      | Reached XP level 2. HP: 19/19 MP: 3/5
   911 | D:2      | Found a faded altar of an unknown god.
   915 | D:2      | Prayed at the altar of an unknown god.
   915 | D:2      | Became a worshipper of Qazlal Stormbringer
   915 | D:2      | Reached * piety under Qazlal
   939 | D:2      | Gained mutation: You are afflicted with vampirism and can
                  | become a bat while bloodless. [Vampire growth]
   939 | D:2      | Reached XP level 3. HP: 24/24 MP: 0/6
   964 | D:2      | Reached skill level 5 in Necromancy
  1175 | D:2      | Reached XP level 4. HP: 30/30 MP: 0/8
  1380 | D:2      | Reached ** piety under Qazlal
  1603 | D:2      | Reached XP level 5. HP: 29/35 MP: 1/10
  2447 | D:3      | Learned a level 3 spell: Vampiric Draining
  3017 | D:4      | Reached skill level 6 in Necromancy
  3017 | D:4      | Reached XP level 6. HP: 41/41 MP: 5/12
  3055 | D:4      | Reached *** piety under Qazlal
  3506 | D:4      | Noticed Robin
  3510 | D:4      | Killed Robin
  4853 | D:5      | Entered Level 5 of the Dungeon
  4889 | D:5      | Noticed an ice beast
  4897 | D:5      | Noticed an ice beast
  4901 | D:5      | an ice beast changed into a killer bee
  4904 | D:5      | Killed an ice beast
  4905 | D:5      | Reached skill level 1 in Long Blades
  4905 | D:5      | Reached skill level 5 in Spellcasting
  4905 | D:5      | Reached XP level 7. HP: 34/47 MP: 1/14
  4911 | D:5      | Reached skill level 7 in Necromancy
  5062 | D:5      | Found a shimmering altar of Xom.
  5349 | D:5      | Found a sacrificial altar of Ru.
  5776 | D:5      | Reached skill level 8 in Necromancy
  5777 | D:5      | Found a shimmering blue altar of Sif Muna.
  5785 | D:5      | Fell from the grace of Qazlal
  5785 | D:5      | Became a worshipper of Sif Muna the Loreminder
  6221 | D:6      | Reached XP level 8. HP: 48/53 MP: 1/17
  6370 | D:5      | Learned a level 5 spell: Agony
  6375 | D:5      | Learned a level 4 spell: Animate Dead
  6919 | D:6      | Found an iron altar of Okawaru.
  6979 | D:6      | Noticed a fire crab
  6979 | D:6      | Noticed a fire crab
  6995 | D:6      | Engulfed by a fire crab's flame

Illustrated notes

Levels and vault maps discovered:
D:1:      dpeg_arrival_round_a, layout_rooms, serial_glass, glass_columns_c,
          glass_columns_a, chequers_serial_rivers_room_b,
          chequers_serial_rivers_micro_b
D:2:      layout_rooms, nicolae_ecumenical_pavilion
D:3:      layout_basic, kennysheep_generic_room_3
D:4:      layout_layer_cave, uniq_robin
D:5:      layout_cave_pools, zin_treasury, xom_teletrap_fun,
          hangedman_ru_absence, kennysheep_orc_sif_temple
D:6:      layout_loops_ring, mainiacjoe_overflow_tiny_flanked,
          nicolae_ossuary_entry_false_entrances, nrook_pool_corridor,
          minmay_misc_feat_x

Skill      XL: |  1  2  3  4  5  6  7 |
---------------+----------------------+-----
Necromancy     | 5 6 8 |  8.7
Spellcasting   | 3 4 5 6 |  6.6
Long Blades    | 1 |  1.3
Dodging        | 3 |  3.7
Fighting       | |  0.8
Short Blades   | |  0.4
Staves         | |  0.3
Stealth        | |  3.7
Shields        | |  0.2
Evocations     | |  0.3

Action                   |  1- 3 |  4- 6 |  7- 9 || total
-------------------------+-------+-------+-------++-------
Melee: Dagger            |    18 |    12 |       ||    30
       Bite              |     2 |     3 |     6 ||    11
       Unarmed           |     2 |       |       ||     2
       Staff             |       |     3 |    45 ||    48
       Demon blade       |       |    16 |     6 ||    22
       Punch             |       |       |     2 ||     2
 Cast: Necrotise         |    54 |   138 |   106 ||   298
       Vampiric Draining |       |       |     4 ||     4
       Animate Dead      |       |       |     2 ||     2
Evoke: Wand              |       |     3 |     9 ||    12
  Use: Potion            |       |     3 |     7 ||    10
       Scroll            |       |     2 |     2 ||     4
Armor: Robe              |    16 |    18 |    59 ||    93
Dodge: Dodged            |    50 |    51 |    75 ||   176
Block: Other             |     4 |    10 |    10 ||    24
